 Dungeon Crawl Stone Soup version 0.29-a0-1047-g7c58e119a4 (webtiles) character file.

Game seed: 10491082236015832086

1341 Newt the Chucker (level 8, -1/60 HPs)
             Began as a Demonspawn Gladiator on Aug 16, 2022.
             Engulfed by a steam dragon's steam (5 damage)
             ... on level 6 of the Dungeon.
             The game lasted 00:18:08 (6754 turns).

Newt the Chucker (Demonspawn Gladiator)             Turns: 6754, Time: 00:18:08

Health: -1/60      AC:  2    Str: 17    XL:     8   Next: 35%
Magic:  8/8        EV: 13    Int:  9    God:
Gold:   526        SH:  4    Dex: 15    Spells: 7/7 levels left

rFire   . . .      SeeInvis .   a - +2 whip (venom)
rCold   . . .      Faith    .   (no shield)
rNeg    . . .      Spirit   .   (no body armour)
rPois   .          Reflect  .   c - +0 helmet
rElec   .          Harm     .   F - +0 cloak
rCorr   .          Rampage  .   (no gloves)
Will    .....                   (no boots)
Stlth   ++........              (no amulet)
HPRegen 0.20/turn               (no ring)
MPRegen 0.11/turn               (no ring)

@: invisible
A: large bone plates 1, demonic guardian 1, powered by pain 1
a: no special abilities


You were on level 6 of the Dungeon.
You visited 1 branch of the dungeon, and saw 6 of its levels.

You collected 526 gold pieces.

Inventory:

Hand Weapons
 a - a +2 whip of venom (weapon)
 b - a +0 sling
 h - a +0 rapier
 D - the +5 mace of Righteous Anger {elec, Str+4 Dex+3}
   (You found it on level 4 of the Dungeon)

   It occasionally discharges a powerful burst of electricity upon striking a
   foe.
   Str:       It affects your strength (+4).
   Dex:       It affects your dexterity (+3).
Missiles
 d - 3 throwing nets
 e - a javelin
 g - 44 stones
 k - 8 boomerangs
 u - 8 poisoned darts (quivered)
Armour
 c - a +0 helmet (worn)
 n - a +0 ring mail
 z - a +0 leather armour
 F - a +0 cloak (worn)
 G - a +2 ring mail of positive energy
Wands
 B - a wand of charming (3)
Scrolls
 j - a scroll of fear {unknown}
 m - a scroll of amnesia {unknown}
 s - 2 scrolls of immolation {unknown}
 w - a scroll of noise {unknown}
 x - a scroll of poison {unknown}
 y - a scroll of magic mapping {unknown}
 A - a scroll of enchant weapon {unknown}
 C - a scroll of acquirement {unknown}
 I - a scroll of blinking {unknown}
Potions
 f - a potion of curing
 i - 3 potions of attraction
 l - 2 potions of magic
 o - 3 potions of might
 q - a potion of cancellation {unknown}
 t - 3 potions of haste
 v - a potion of brilliance {unknown}
 E - 5 potions of flight
 H - a potion of experience {unknown}


   Skills:
 - Level 4.0 Fighting
 - Level 2.6 Short Blades
 - Level 4.0 Maces & Flails
 + Level 5.5 Throwing
 - Level 4.0 Armour
 - Level 4.0 Dodging
 - Level 2.0 Stealth


You had 7 spell levels left.
You didn't know any spells.
Your spell library contained the following spells:

 Spells                   Type           Power      Damage    Failure   Level
 Magic Dart               Conj           0%         1d3       38%         1
 Call Imp                 Summ           0%         N/A       52%         2
 Scorch                   Fire           0%         2d5       52%         2
 Mephitic Cloud           Conj/Pois/Air  0%         N/A       77%         3
 Portal Projectile        Hex/Tloc       0%         N/A       77%         3
 Tukima's Dance           Hex            0%         N/A       77%         3
 Flame Wave               Conj/Fire      0%         2d4       99%         4
 Summon Lightning Spire   Summ/Air       0%         N/A       99%         4
 Blade Hands              Tmut           0%         N/A       100%        5
 Summon Cactus Giant      Summ           0%         N/A       100%        6
 Storm Form               Tmut/Air       0%         N/A       100%        7
 Maxwell's Capacitive Co  Air            0%         ∞         100%        8


Dungeon Overview and Level Annotations

Branches:
Dungeon (6/15)
 Temple: D:4-7

Altars:
Dithmenos
Nemelex Xobeh

Shops:
D:1 *

Annotations:
D:6 Dowan, Duvessa


Innate Abilities, Weirdness & Mutations

You are partially covered in large bone plates. (SH +4)
A weak demonic guardian rushes to your aid.
You sometimes gain a little power by taking damage.


Message History

The water moccasin is moderately wounded.
You feel very sick. The water moccasin closely misses you.
The sky beast barely misses you.
Unknown command.
As you read the scroll of teleportation, it crumbles to dust.
You feel strangely unstable.
You feel very sick. The water moccasin barely misses you.
The sky beast misses you. The water moccasin bites you.
* * * LOW HITPOINT WARNING * * *
* * * LOW HITPOINT WARNING * * *
You feel very sick. The sky beast hits you.
* * * LOW HITPOINT WARNING * * *
A demonic guardian appears!
The sky beast shocks you.
* * * LOW HITPOINT WARNING * * *
Unknown command.
You feel better. The water moccasin bites you.
* * * LOW HITPOINT WARNING * * *
The sky beast completely misses you.
Your white imp barely misses the water moccasin.
Unknown command.
The water moccasin attacks as you move away!
You block the water moccasin's attack.
The water moccasin bites you but does no damage.
Unknown command.
The sky beast attacks as you move away! The sky beast hits you.
* * * LOW HITPOINT WARNING * * *
The sky beast shocks you.
* * * LOW HITPOINT WARNING * * *
Your surroundings suddenly seem different.
Duvessa, Dowan and a steam dragon come into view.
Dowan is wielding a +2 dagger of venom.
Found an escape hatch in the floor.
The steam dragon breathes steam at you. The ball of steam misses you.
The steam dragon moves out of view.
Dowan shouts!
Unknown command.
You fade into invisibility!
You die...

#. #.#+#####
#.......# +#
#.....eD# .###
#.......+....#
#......§#....#
#....e§§§....#
#.#.....§@.....#
#.#>######.###.#
#.# # .# #.#.#
.# # #.#.# .#
#.###.#.#### .#
#..........# .#
#....# .#
##..####.#


You could see Duvessa (wandering, unable to see you) and Dowan (unable to see
you).

Vanquished Creatures
  Sigmund (D:6)
  A black bear (D:4)
  An orc warrior (D:5)
  2 ogres
  A bullfrog (D:5)
  2 scorpions
  A jelly (D:6)
  6 hounds
  Crazy Yiuf (D:5)
  2 iguanas (D:4)
  5 orc wizards
  10 adders
  A shadow imp (D:5)
  2 white imps (D:4)
  An ufetubus (D:4)
  A dart slug (D:1)
  9 orcs
  4 ball pythons
  3 bats
  5 endoplasms
  4 giant cockroaches
  11 goblins
  8 hobgoblins
  2 jackals (D:2)
  2 quokkas
  7 frilled lizards
  6 kobolds
  6 rats
105 creatures vanquished.

Vanquished Creatures (collateral kills)
  An adder (D:2)
  An orc (D:5)
  An endoplasm (D:3)
  A hobgoblin (D:2)
4 creatures vanquished.

Vanquished Creatures (others)
  An iguana (D:4)
1 creature vanquished.

Grand Total: 110 creatures vanquished

Notes
Turn   | Place    | Note
-------+----------+-------------------------------------------
     0 | D:1      | Newt the Demonspawn Gladiator began the quest for the Orb.
     0 | D:1      | Reached XP level 1. HP: 16/16 MP: 1/1
   157 | D:1      | Reached skill level 1 in Stealth
   629 | D:1      | Found Caimae's General Store.
   644 | D:1      | Gained mutation: A weak demonic guardian rushes to your
                  | aid. [demonic ancestry]
   644 | D:1      | Reached XP level 2. HP: 22/22 MP: 2/2
  1038 | D:1      | Reached skill level 1 in Maces & Flails
  1065 | D:2      | Found a faded altar of an unknown god.
  1086 | D:2      | Reached XP level 3. HP: 25/27 MP: 3/3
  1716 | D:2      | Reached XP level 4. HP: 27/33 MP: 4/4
  2558 | D:3      | Found a shadowy altar of Dithmenos.
  2963 | D:4      | Found a sparkling altar of Nemelex Xobeh.
  2993 | D:4      | Gained mutation: You sometimes gain a little power by
                  | taking damage. [demonic ancestry]
  2993 | D:4      | Reached XP level 5. HP: 20/38 MP: 5/5
  3453 | D:4      | Noticed an ogre
  3479 | D:4      | Reached skill level 2 in Throwing
  3480 | D:4      | Killed an ogre
  3481 | D:4      | Reached skill level 3 in Throwing
  3619 | D:4      | Noticed a black bear
  3629 | D:4      | Killed a black bear
  3630 | D:4      | Reached skill level 4 in Throwing
  3630 | D:4      | Reached XP level 6. HP: 28/44 MP: 6/6
  4284 | D:4      | Identified the +5 mace of Righteous Anger {elec, Str+4
                  | Dex+3}
  4720 | D:5      | Entered Level 5 of the Dungeon
  5153 | D:5      | Reached skill level 1 in Armour
  5153 | D:5      | Gained mutation: You are partially covered in large bone
                  | plates. (SH +4) [demonic ancestry]
  5153 | D:5      | Reached XP level 7. HP: 35/54 MP: 7/7
  5489 | D:5      | Found a runed translucent door.
  5490 | D:5      | Noticed Crazy Yiuf
  5498 | D:5      | Killed Crazy Yiuf
  6197 | D:5      | Reached XP level 8. HP: 25/60 MP: 8/8
  6526 | D:6      | Noticed Sigmund
  6543 | D:6      | Killed Sigmund
  6544 | D:6      | Reached skill level 5 in Throwing
  6753 | D:6      | HP: 3/60 [sky beast (5)]
  6753 | D:6      | Noticed Duvessa
  6753 | D:6      | Noticed Dowan
  6754 | D:6      | Engulfed by a steam dragon's steam

Illustrated notes

Levels and vault maps discovered:
D:1:      minmay_arrival_radiant_lines, layout_basic, serial_shops, shop_coins
D:2:      layout_basic, basic_ecumenical_altar, chequers_serial_rivers_large_b,
          minmay_tiny_reverse_x
D:3:      layout_rooms, grunt_dithmenos_smoke, minmay_strange_pillars,
          hangedman_glass_teeth
D:4:      nicolae_cairo_tiling_large_dashed, layout_basic,
          grunt_temple_overflow_open, serial_corexii_hall,
          corexii_hall_statues_x, corexii_hall_statues_t,
          minmay_misc_feat_pillars, nrook_mini_backslash
D:5:      nicolae_cairo_tiling_large, layout_rooms, minmay_bent,
          uniq_crazy_yiuf_cottage
D:6:      layout_basic, nicolae_qazlal_eye_of_the_storm, uniq_duvessa,
          uniq_sigmund

Skill      XL: |  1  2  3  4  5  6  7  8 |
---------------+-------------------------+-----
Stealth        | 1 2 |  2.0
Maces & Flails | 1 2 3 4 |  4.0
Throwing       | 4 5 |  5.5
Fighting       | 4 |  4.0
Armour         | 1 4 |  4.0
Dodging        | 4 |  4.0
Short Blades   | |  2.6

Action                   |  1- 3 |  4- 6 |  7- 9 || total
-------------------------+-------+-------+-------++-------
Melee: Rapier            |    20 |       |       ||    20
       Whip              |    63 |   151 |   104 ||   318
       Punch             |       |     2 |     2 ||     4
 Fire: Sling             |       |     7 |       ||     7
Throw: Stone             |     1 |       |       ||     1
       Dart              |       |     8 |     6 ||    14
       Javelin           |       |     1 |     1 ||     2
       Boomerang         |       |       |     1 ||     1
Evoke: Wand              |       |     2 |       ||     2
  Use: Scroll            |       |     5 |     4 ||     9
       Potion            |       |     1 |     2 ||     3
 Stab: Sleeping          |     3 |     6 |       ||     9
Armor: Leather armour    |    27 |    30 |     1 ||    58
       Ring mail         |       |       |    51 ||    51
       Skin              |       |       |     2 ||     2
Dodge: Dodged            |    55 |    72 |    48 ||   175
Block: Other             |       |       |    15 ||    15

Table legend: (Time is in decaauts)
 A = Elapsed time spent in this place.
 B = Non-inter-level travel time spent in this place.
 C = Inter-level travel time spent in this place.
 D = Time resting spent in this place.
 E = Time spent auto-exploring this place.
 F = Levels seen in this place.
 G = Mean time per level.
                   A        B        C        D        E       F      G
               +--------+--------+--------+--------+--------+-----+--------+
         Total |   6760 |   6632 |    128 |   2380 |   2541 |   6 | 1126.7 |
       Dungeon |   6760 |   6632 |    128 |   2380 |   2541 |   6 | 1126.7 |
               +--------+--------+--------+--------+--------+-----+--------+

Top non-repeatable levels by time:
     D:4: 2225 daAuts
     D:5: 1313 daAuts
     D:2: 1293 daAuts
     D:1: 1058 daAuts
     D:3: 631 daAuts
     D:6: 239 daAuts
